 Dungeon Crawl Stone Soup version 0.23.0-3-gf3c87f2 (webtiles) character file.

Game seed: 1979549981515452026

67 Inarius the Chucker (level 3, 0/27 HPs)
             Began as a Vampire Hunter on Feb 21, 2019.
             Slain by Sigmund
             ... wielding a +0 scythe
              (9 damage)
             ... on level 2 of the Dungeon.
             The game lasted 00:04:46 (3042 turns).

Inarius the Chucker (Vampire Hunter)                Turns: 3042, Time: 00:04:47

Health: 0/27       AC:  3    Str: 11    XL:     3   Next: 98%
Magic:  3/3        EV: 18    Int: 18    God:
Gold:   32         SH:  0    Dex: 20    Spells: 2/2 levels left

rFire    + . .     SeeInvis +   a - +0 short sword
rCold    + . .     Gourm    .   (no shield)
rNeg     . . .     Faith    .   b - +0 leather armour
rPois    +         Spirit   .   (no helmet)
rElec    +         Reflect  .   (no cloak)
rCorr    +         Harm     .   (no gloves)
MR       .....                  (no boots)
Stlth    +++.......             (no amulet)
HPRegen  0.29/turn              (no ring)
MPRegen  0.08/turn              (no ring)

@: brilliant, agile, resistant, regenerating quickly
A: rotting body, fangs 3, see invisible, unbreathing
a: no special abilities


You were on level 2 of the Dungeon.
You were full.

You visited 1 branch of the dungeon, and saw 2 of its levels.

You collected 32 gold pieces.

Inventory:

Hand Weapons
 a - a +0 short sword (weapon)
Missiles
 c - 6 javelins (quivered)
 d - 2 throwing nets
Armour
 b - a +0 leather armour (worn)
Jewellery
 f - an uncursed amulet of magic regeneration {unknown}
Scrolls
 h - a scroll of identify
 i - a scroll of remove curse


   Skills:
 * Level 2.2 Fighting
 + Level 1.4 Short Blades
 + Level 3.8 Throwing
 + Level 0.6 Armour
 + Level 2.4 Dodging
 * Level 2.5 Stealth


You had 2 spell levels left.
You didn't know any spells.
Your spell library was empty.

Dungeon Overview and Level Annotations

Branches:
Dungeon (2/15)

Altars:
Trog

Annotations:
D:2 1 runed translucent door, Crazy Yiuf, Sigmund


Innate Abilities, Weirdness & Mutations

Your body is rotting away.
You thrive on raw meat.
Your natural rate of healing is unusually fast.
You have razor-sharp teeth.
You have supernaturally acute eyesight. (SInv)
You can survive without breathing.


Message History

It is a scroll of identify.
i - a scroll of remove curse The rat bites you.
Sigmund misses you.
You closely miss the rat. The rat bites you.
You barely miss the rat. Sigmund misses you. The rat bites you.
You closely miss the rat. The rat bites you.
* * * LOW HITPOINT WARNING * * *
Sigmund closely misses you.
It was a potion of resistance.
You feel protected. The rat bites you but does no damage.
It was a potion of agility.
You feel agile all of a sudden.
Sigmund casts a spell.
Sigmund flickers and vanishes for a moment.
The rat misses you.
It was a potion of brilliance.
You feel clever all of a sudden.
Sigmund hits you from afar with a +0 scythe!
You die...

.@#.# ####...####.#####.#
## ..#.#
#......@....##....#######.
.##.#
###########.##.#..........
.#### #.##.##.#######. .#
##### #.@..)..# ## .#
#..)# ###.).### .# #...#
#..#..# .## ...
######...########## ..#
#+# #.@# ##.## #.......
..### ##.# ##r####.##
#....... ....# #.##
#..@##...###....... ....#
##.# #..................
....# #.##
#..........#....... ..###
##.## #..#......[#......)
..# #...##
####.......#...((.. ###
#.PPP# ####.....##.####.#
#.)..# #.......###.####.#


You could see Sigmund (invisible) and a rat.

Vanquished Creatures
  2 adders (D:2)
  2 worms (D:2)
  A bat (D:2)
  4 giant cockroaches
  3 goblins (D:2)
  11 hobgoblins
  4 jackals (D:1)
  6 kobolds
  A quokka (D:2)
  3 frilled lizards
37 creatures vanquished.

Notes
Turn   | Place    | Note
-------+----------+-------------------------------------------
     0 | D:1      | Inarius the Vampire Hunter began the quest for the Orb.
     0 | D:1      | Reached XP level 1. HP: 16/16 MP: 1/1
   212 | D:1      | Reached XP level 2. HP: 6/22 MP: 2/2
  1790 | D:2      | Reached XP level 3. HP: 27/27 MP: 3/3
  1990 | D:2      | Reached skill level 1 in Short Blades
  2294 | D:2      | Found a runed translucent door.
  2295 | D:2      | Noticed Crazy Yiuf
  2774 | D:2      | Found a bloodstained altar of Trog.
  2965 | D:2      | Noticed Sigmund
  3042 | D:2      | Slain by Sigmund

Skill      XL: |  1  2  3 |
---------------+----------+-----
Fighting       | 2 |  2.2
Stealth        | 2 |  2.5
Short Blades   | 1 |  1.4
Throwing       | |  3.8
Armour         | |  0.6
Dodging        | |  2.4

Action                   || total
-------------------------++-------
Melee: Short sword       ||   175
       Bite              ||    19
Throw: Javelin           ||     8
       Throwing net      ||     1
  Use: Potion            ||     3
       Scroll            ||     1
 Stab: Sleeping          ||     3
  Eat: Corpse            ||    11
Armor: Leather armour    ||    39
Dodge: Dodged            ||   124
